 Dungeon Crawl Stone Soup version 0.22.1-1-ga44c0e56f4 (webtiles) character file.

103 Gabide the Sneak (level 4, 0/23 HPs)
             Began as a Spriggan Assassin on Oct 22, 2018.
             Was an Initiate of Dithmenos.
             Succumbed to a kobold's poison
             ... on level 3 of the Dungeon.
             The game lasted 00:09:50 (3139 turns).

Gabide the Sneak (Spriggan Assassin)                Turns: 3139, Time: 00:09:50

Health: 0/23       AC:  3    Str:  7    XL:     4   Next: 51%
Magic:  5/5        EV: 18    Int: 12    God:    Dithmenos [......]
Gold:   120        SH:  0    Dex: 18    Spells: 3/3 levels left

rFire    . . .     SeeInvis +   b - +0 blowgun
rCold    . . .     Gourm    .   (shield restricted)
rNeg     . . .     Faith    .   c - +0 robe
rPois    .         Spirit   .   (helmet restricted)
rElec    .         Reflect  .   d - +0 cloak
rCorr    +         Harm     .   (gloves unavailable)
MR       .....                  (boots unavailable)
Stlth    ++++......             (no amulet)
HPRegen  0.07/turn              l - ring of resist corrosion
MPRegen  0.09/turn              (no ring)

@: lethally poisoned (0 -> -6), hasted, very quick
A: very small, unfitting armour, see invisible, herbivore, speed 3, slow
metabolism 2
a: Renounce Religion


You were on level 3 of the Dungeon.
You worshipped Dithmenos.
Dithmenos was noncommittal.
You were not hungry.

You visited 1 branch of the dungeon, and saw 3 of its levels.

You collected 120 gold pieces.

Inventory:

Hand Weapons
 a - a +2 dagger
 b - a +0 blowgun (weapon)
Missiles
 e - 22 poisoned needles (quivered)
 f - 2 curare-tipped needles
Armour
 c - a +0 robe (worn)
 d - a +0 cloak (worn)
 n - a cursed +0 buckler
Jewellery
 l - a ring of resist corrosion (left hand)
Scrolls
 h - a scroll of immolation {unknown}
 r - a scroll of blinking {unknown}
 s - a scroll of enchant weapon {unknown}
 t - a scroll of remove curse {unknown}
Potions
 i - a potion of lignification
 m - a potion of heal wounds {unknown}
 o - a potion of degeneration {unknown}
 p - a potion of berserk rage {unknown}
 q - a potion of flight {unknown}
Comestibles
 g - 2 rations


   Skills:
 + Level 2.4 Fighting
 + Level 2.7 Short Blades
 + Level 2.9 Throwing
 * Level 2.5 Dodging
 + Level 6.8 Stealth


You had 3 spell levels left.
You didn't know any spells.
Your spell library was empty.

Dungeon Overview and Level Annotations

Branches:
Dungeon (3/15)

Altars:
Dithmenos
Qazlal
Vehumet
Zin
The Shining One

Annotations:
D:3 Grinder


Innate Abilities, Weirdness & Mutations

You are very small and have problems with some larger weapons.
You are too small for most types of armour.
You have supernaturally acute eyesight. (SInv)
You are a herbivore.
You cover ground extremely quickly.
You need to consume almost no food.


Message History

Beogh smites you!
The kobold unwields an uncursed short sword.
The kobold wields a blowgun.
The kobold shoots a poisoned needle.
The poisoned needle hits you!
You are poisoned.
The orc shouts!
Found a paperback book and a leather armour.
You feel sick.
You feel sick.
Wield which item (- for none, * to show all)? (? for menu, Esc to quit)
b - a +0 blowgun (weapon)
The orc priest invokes the aid of Beogh against you.
Pain shoots through your body!
* * * LOW HITPOINT WARNING * * *
* * * LOW HITPOINT WARNING * * *
You feel sick.
As you read the scroll of identify, it crumbles to dust.
i - a potion of lignification It was a potion of haste.
You feel yourself speed up.
You die...

.# #. # #[... ..
. #.... ##. .
#...o #.. .
#..o. #.# #...:
#.# #.... #@# .
###.K..####.####
#
......Ko.......#
.
#.####.#.##.#..#
# .....##...##
###.####..## #.
###.## #. #...#
## #########.#.#


There were no monsters in sight!

Vanquished Creatures
  A hound (D:2)
  2 adders (D:2)
  An ooze (D:1)
  A worm (D:2)
  A dart slug (D:1)
  2 bats
  2 giant cockroaches
  4 goblins
  9 hobgoblins
  6 jackals (D:1)
  4 kobolds (D:1)
  A quokka (D:3)
  2 ball pythons (D:1)
  2 frilled lizards (D:1)
  5 rats
43 creatures vanquished.

Notes
Turn   | Place    | Note
-------+----------+-------------------------------------------
     0 | D:1      | Gabide the Spriggan Assassin began the quest for the Orb.
     0 | D:1      | Reached XP level 1. HP: 10/10 MP: 2/2
    17 | D:1      | Reached skill level 6 in Stealth
    54 | D:1      | Reached XP level 2. HP: 15/15 MP: 3/3
   636 | D:1      | Reached XP level 3. HP: 13/18 MP: 4/4
  1368 | D:2      | Reached XP level 4. HP: 15/23 MP: 5/5
  2438 | D:3      | Found a faded altar of an unknown god.
  2447 | D:3      | Found a stormy altar of Qazlal.
  2448 | D:3      | Found a shadowy altar of Dithmenos.
  2450 | D:3      | Found a glowing golden altar of the Shining One.
  2453 | D:3      | Found a glowing silver altar of Zin.
  2461 | D:3      | Became a worshipper of Dithmenos the Shadowed
  2578 | D:3      | Noticed Grinder
  2725 | D:3      | Found a radiant altar of Vehumet.
  3137 | D:3      | HP: 1/23 [poisoned by a kobold]
  3139 | D:3      | Succumbed to a kobold's poison

Skill      XL: |  1  2  3 |
---------------+----------+-----
Stealth        | 6 |  6.8
Fighting       | 2 |  2.4
Dodging        | 2 |  2.5
Short Blades   | |  2.7
Throwing       | |  2.9

Action                   |  1- 3 |  4- 6 || total
-------------------------+-------+-------++-------
Melee: Dagger            |    86 |    55 ||   141
 Fire: Blowgun           |    15 |    18 ||    33
  Use: Scroll            |     2 |     2 ||     4
       Potion            |       |     1 ||     1
 Stab: Sleeping          |     9 |     2 ||    11
Armor: Robe              |     6 |     3 ||     9
Dodge: Dodged            |    62 |    37 ||    99
